 Dungeon Crawl Stone Soup version 0.30.1-11-g7821555f0a (webtiles) character file.

Game seed: 5577748778967160864

34 1111 the Cudgeller (level 3, -1/33 HPs)
             Began as a Troll Gladiator on Nov 13, 2023.
             Succumbed to Terence's poison
             ... on level 2 of the Dungeon.
             The game lasted 00:05:54 (1085 turns).

1111 the Cudgeller (Troll Gladiator)                Turns: 1085, Time: 00:05:55

Health: -1/33      AC:  4    Str: 24    XL:     3   Next: 14%
Magic:  2/2        EV: 10    Int:  4    God:
Gold:   91         SH:  0    Dex: 11    Spells: 2/2 levels left

rFire   . . .        a - +0 flail
rCold   . . .        (no shield)
rNeg    . . .        b - +0 robe
rPois   .            c - +0 hat
rElec   .            (no cloak)
rCorr   .            (gloves unavailable)
SInv    .            (boots unavailable)
Will    .....        (no amulet)
Stlth   +            (no ring)
HPRegen 1.05/turn    (no ring)
MPRegen 0.08/turn

%: no passive effects
@: lethally poisoned (-1 -> -17)
A: large, unfitting armour, claws 3, regeneration 1, shaggy fur 1, tough skin 1
a: no special abilities


You were on level 2 of the Dungeon.
You visited 1 branch of the dungeon, and saw 2 of its levels.

You collected 91 gold pieces.

Inventory:

Hand Weapons
 a - a +0 flail (weapon)
Missiles
 d - 3 throwing nets (quivered)
 i - 5 stones
Armour
 b - a +0 robe (worn)
 c - a +0 hat (worn)
Scrolls
 f - 2 scrolls of noise {unknown}
 g - a scroll of identify
 h - a scroll of fear
Potions
 j - a potion of heal wounds {unknown}
 k - a potion of curing {unknown}


   Skills:
 - Level 1.5 Fighting
 * Level 3.9 Maces & Flails
 - Level 1.7 Throwing
 - Level 2.4 Dodging


You had 2 spell levels left.
You didn't know any spells.
Your spell library was empty.

Dungeon Overview and Level Annotations

Branches:
Dungeon (2/15)

Altars:

Annotations:
D:2 Terence


Innate Abilities, Weirdness & Mutations

You are too large for most types of armour.
You have claws for hands.
Your natural rate of healing is unusually fast.
You are covered in fur. (AC +1)
You have tough skin. (AC +1)


Message History

Terence hits you with a +0 mace of venom.
You are more poisoned.
You hit Terence.
Terence is heavily wounded.
You feel very sick. Terence completely misses you.
You completely miss Terence. Your claw misses Terence.
Terence is heavily wounded.
You feel sick.
Terence hits you with a +0 mace of venom. x2
You are more poisoned.
You hit Terence but do no damage.
Terence is heavily wounded.
You feel very sick. Terence closely misses you.
You barely miss Terence.
Terence is heavily wounded.
You feel very sick. Terence barely misses you.
You hit Terence but do no damage.
Terence is heavily wounded.
You feel very sick.
Terence says, "You're history."
Terence barely misses you.
You barely miss Terence.
Terence is heavily wounded.
You feel sick. Terence closely misses you.
An endoplasm comes into view.
You barely miss Terence.
Terence is heavily wounded.
You feel sick.
The endoplasm quivers.
Terence hits you with a +0 mace of venom.
You are more poisoned.
Terence hits you with a +0 mace of venom.
* * * LOW HITPOINT WARNING * * *
You are more poisoned.
You hit Terence.
Terence is severely wounded.
You die...

#.# #.. .....
#.# #.# #..#
#.####.####..#
#............###
#.##.######....#
.. #.##.#
##.#.## ....
#.##.#
#....#..##.
#.##.#
#..........
#.##.#
##@..#..##.
#.##.# ##@## >#
#. #.# #S# . #.#
... ..J (?.# .#.


You could see Terence, an endoplasm and a ball python.

Vanquished Creatures
  A worm (D:2)
  2 bats
  3 endoplasms
  A giant cockroach (D:2)
  5 goblins
  A hobgoblin (D:1)
  2 kobolds
  3 ball pythons
  A frilled lizard (D:2)
  12 rats
31 creatures vanquished.

Notes
Turn   | Place    | Note
-------+----------+-------------------------------------------
     0 | D:1      | 1111 the Troll Gladiator began the quest for the Orb.
     0 | D:1      | Reached XP level 1. HP: 19/19 MP: 0/0
    58 | D:1      | Reached skill level 3 in Maces & Flails
   123 | D:1      | Reached XP level 2. HP: 27/27 MP: 1/1
   397 | D:1      | Found a faded altar of an unknown god.
   903 | D:2      | Reached XP level 3. HP: 15/33 MP: 2/2
  1069 | D:2      | Noticed Terence
  1085 | D:2      | Succumbed to Terence's poison

Illustrated notes

Levels and vault maps discovered:
D:1:      saegor_arrival_miasma, layout_basic,
          shapermc_ecumenical_altar_mp_highgroup, kennysheep_crisscross,
          minmay_rat_gold_closets
D:2:      layout_loops_ring, grunt_ministairs_14, hangedman_decor_push,
          minmay_tetromino_l2, uniq_terence

Skill      XL: |  1 |
---------------+----+-----
Maces & Flails | 3 |  3.9
Fighting       | |  1.5
Throwing       | |  1.7
Dodging        | |  2.4

Action                     || total
---------------------------++-------
  Melee: Flail             ||    82
  Throw: Large rock        ||     1
    Use: Scroll            ||     1
         Potion            ||     1
   Stab: Sleeping          ||     2
 Armour: Robe              ||    17
  Dodge: Dodged            ||    41
